 Dungeon Crawl Stone Soup version 0.20-a0-983-g35de22d (webtiles) character file.

179 Murumi the Covert (level 5, -1/44 HPs)
             Began as a Naga Enchanter on Apr 9, 2017.
             Slain by an ogre
             ... wielding a +0 giant club
              (19 damage)
             ... on level 3 of the Dungeon.
             The game lasted 00:12:43 (3285 turns).

Murumi the Covert (Naga Enchanter)                  Turns: 3285, Time: 00:12:44

Health: -1/44      AC:  4    Str: 10    XL:     5   Next: 59%
Magic:  6/8        EV: 10    Int: 15    God:
Gold:   101        SH:  0    Dex: 13    Spells: 7/8 levels left

rFire    . . .     SeeInvis +   l - +2 dagger (venom)
rCold    . . .     Gourm    .   (no shield)
rNeg     . . .     Faith    .   b - +1 robe
rPois    +         Spirit   .   (no helmet)
rElec    .         Reflect  .   i - +0 cloak
rCorr    .         Harm     .   (no gloves)
MR       .....                  (no barding)
Stlth    ++++......             (no amulet)
Regen    0.2/turn               (no ring)
MPRegen  0.2/turn               (no ring)

@: very slightly contaminated, very slow
A: see invisible, deformed body, poison resistance, slowness 2, slow metabolism
1, spit poison 1, AC +1
a: Spit Poison


You were on level 3 of the Dungeon.
You were not hungry.

You visited 1 branch of the dungeon, and saw 3 of its levels.

You collected 101 gold pieces.

Inventory:

Hand Weapons
 l - a +2 dagger of venom (weapon)
Armour
 b - a +1 robe (worn)
 i - a +0 cloak (worn)
Scrolls
 f - 3 scrolls of remove curse
Potions
 e - a potion of resistance
 g - 2 potions of heal wounds
 j - a potion of flight
 k - 3 potions of berserk rage
 o - a potion of might
Books
 c - a book of Maledictions

   Spells                             Type                      Level
   a - Corona                         Hexes                        1
   b - Ensorcelled Hibernation        Hexes/Ice                    2
   c - Confuse                        Hexes                        3
   d - Tukima's Dance                 Hexes                        3
   e - Dazzling Spray                 Conjuration/Hexes            3
Comestibles
 a - a fruit
 d - 4 bread rations
 h - 4 royal jellies
 n - 2 chunks of flesh


   Skills:
 - Level 1.3 Fighting
 - Level 1.0 Short Blades
 - Level 1.5 Dodging
 + Level 9.0 Stealth
 - Level 2.0 Spellcasting
 - Level 3.0 Hexes


You had 7 spell levels left.
You knew the following spells:

 Your Spells              Type           Power        Failure   Level  Hunger
a - Corona                Hex            ##.....      8%          1    #......


Dungeon Overview and Level Annotations

Branches:
Dungeon (3/15)

Altars:


Innate Abilities, Weirdness & Mutations

You cannot wear boots.
Your serpentine skin is tough. (AC +1)
You have supernaturally acute eyesight. (SInv)
Armour fits poorly on your strangely shaped body.
Your system is resistant to poisons. (rPois)
You cover ground very slowly.
You have a slow metabolism.
You can spit poison.


Message History

Press: ? - help, Shift-Dir - straight line, f/p - ogre
Aim: an ogre, wielding a giant club (chance to defeat MR: 46%)
The ogre is outlined in light.
Press: ? - help, Shift-Dir - straight line, f/p - ogre
Aim: an ogre, wielding a giant club (softly glowing)
The splash of poison hits the ogre.
The ogre is poisoned.
The ogre is lightly wounded.
You feel slightly more hungry. The ogre hits you with a giant club.
You have got your breath back.
The ogre hits you with a giant club!
The ogre looks more healthy.
The ogre barely misses you.
You barely miss the ogre.
The ogre is heavily wounded.
The ogre stops glowing.
You hit the ogre.
The ogre is poisoned.
The ogre is heavily wounded.
The ogre hits you with a giant club! The ogre hits you with a giant club!!
You die...

#####.............# ##........##
...<.....##.###.#.###..........#
###########.###.#...#..........#
#..##..# #..........# ##.###.##
#..........#
#...#..#.#..........#
###.##.#.##........##
#..#O#.##........##
########.@.#.#..........#
########.)...#.................#
.........###.#.........).......#
############.#...).............#
#.........).....(.......#
#####.###.....รท............##
####.....#...#..........(....##
#..........###..........####.#
#.#...###### #..........# #.#


You could see an ogre.

Vanquished Creatures
  A centaur zombie (D:3)
  Jessica (D:2)
  5 adders
  A worm (D:2)
  2 dart slugs (D:2)
  A leopard gecko (D:1)
  2 orcs (D:3)
  8 bats
  A giant cockroach (D:1)
  9 goblins
  9 hobgoblins
  2 jackals (D:2)
  13 kobolds
  2 ball pythons
  4 frilled lizards
  6 rats
67 creatures vanquished.

Notes
Turn   | Place    | Note
-------+----------+-------------------------------------------
     0 | D:1      | Murumi the Naga Enchanter began the quest for the Orb.
     0 | D:1      | Reached XP level 1. HP: 15/15 MP: 3/3
   106 | D:1      | Reached skill level 5 in Stealth
   216 | D:1      | Reached XP level 2. HP: 7/24 MP: 1/5
   227 | D:1      | Reached skill level 1 in Fighting
   980 | D:1      | Reached XP level 3. HP: 28/31 MP: 3/6
  1423 | D:2      | Reached skill level 6 in Stealth
  1888 | D:2      | Noticed Jessica
  1900 | D:2      | Killed Jessica
  1900 | D:2      | Reached skill level 7 in Stealth
  1900 | D:2      | Reached XP level 4. HP: 25/38 MP: 5/7
  2728 | D:3      | Reached skill level 8 in Stealth
  2842 | D:3      | Reached XP level 5. HP: 44/44 MP: 8/8
  3128 | D:3      | Reached skill level 9 in Stealth
  3270 | D:3      | Noticed an ogre
  3285 | D:3      | Slain by an ogre

Vault maps used:
D:1:      ncdulo_wetmaze, supply_closet_lemuel
D:2:      uniq_jessica
D:3:      serial_curves, eino_curves_04, eino_curves_03

Skill      XL: |  1  2  3  4  5 |
---------------+----------------+-----
Stealth        | 5 7 8 9 |  9.0
Fighting       | 1 |  1.3
Short Blades   | |  1.0
Dodging        | |  1.5
Spellcasting   | |  2.0
Hexes          | |  3.0

Action                   |  1- 3 |  4- 6 || total
-------------------------+-------+-------++-------
Melee: Dagger            |    69 |    63 ||   132
 Cast: Corona            |    15 |     5 ||    20
 Abil: Spit Poison       |    15 |     8 ||    23
  Use: Scroll            |     8 |     4 ||    12
 Stab: Sleeping          |    10 |    15 ||    25
  Eat: Chunk             |     3 |     4 ||     7
Armor: Robe              |     8 |    10 ||    18
Dodge: Dodged            |    37 |    26 ||    63
